Zazza, neutral female human Tourist --- ------ ---- --.-- |..... --..| |...-----.<--- |...| --...||....| |-.-- |...--.---- --..| |......| ---...| |......| |.....---------.|....| |.....^G........--...| |.---.@f-------..|..-- |.| |.--- ....-- |.|--.| -...-- |.|-..| .- |.|...| |.....| |.|..-- --.|--- |..| |..| ---- Zazza the Rambler Experience level: 1 Strength: 8 Dexterity: 12 Constitution: 17 Intelligence: 13 Wisdom: 7 Charisma: 18 Health: 0(13) Energy: 2(2) Def: 1 Gold: 786 Moves: 1402 Dungeon seed: 96IFKg99TJIayfLU Game ID: Zazza_1618815766 Your Inventory: Coins $ - 786 gold pieces Weapons a - 38 +2 darts (in quiver) n - a +0 orcish dagger v - a +2 crossbow A - 8 +0 daggers (wielded) B - a blessed +0 sling C - a +0 trident D - 7 +0 darts F - a cursed -1 dart Armor e - an uncursed +0 Hawaiian shirt (being worn) q - an uncursed +0 orcish helm (being worn) r - a cursed -1 pair of low boots named cursed y - a cursed -2 dwarvish cloak Comestibles b - an uncursed egg c - 5 uncursed food rations g - 2 uncursed lembas wafers h - 2 uncursed pears i - 2 uncursed tripe rations Scrolls k - 4 uncursed scrolls of magic mapping o - an uncursed scroll of light p - a cursed scroll of remove curse w - an uncursed scroll of punishment Potions j - 2 uncursed potions of extra healing u - an uncursed potion of sickness E - an uncursed potion of object detection Wands t - a wand of enlightenment (0:14) x - a wand of make invisible (0:6) Tools l - an expensive camera (0:48) m - an uncursed credit card s - an uncursed oil lamp (lit) (0:357) G - 2 uncursed tallow candles (0:200) Spells and supernatural/magical abilities: Name Level Category Fail Memory W - pray for help -- divine ? -- Your skills at the end: Fighting Skills Weapon Skills dart [Basic] Spellcasting Skills Final Attributes: You were nominally aligned. You are dead. Vanquished creatures: a dwarf a hobbit a red mold 5 gnomes 6 jackals a goblin 2 sewer rats 4 grid bugs a lichen a kobold zombie 3 newts 26 creatures vanquished. Voluntary challenges: You used a wielded weapon 1 time, starting on turn 772. You were a pacifist. You read items or engraved 1 time, starting on turn 1143. You never genocided any monsters. You never polymorphed an object. You never changed form. You used no wishes. You never split a pudding. You never wrote Elbereth's name. You never violated your personal moral code. Dungeon overview: The Dungeons of Doom: levels 1 to 4 Level 1 a long staircase Level 2 Level 3 a scroll shop Level 4 a fountain stairs to The Gnomish Mines The Gnomish Mines: Level 5 <- You were here stairs to The Dungeons of Doom History has recorded: On T:1 you entered the Dungeons of Doom to retrieve the Amulet of Yendor! On T:497 you reached level 2 of The Dungeons of Doom. On T:806 you reached level 3 of The Dungeons of Doom. On T:1058 you reached level 4 of The Dungeons of Doom. On T:1237 you reached level 1 of The Gnomish Mines. Score breakdown: Gold: 166 ( 7560 points) Experience: 1 level ( 0 points) Exploration: 5 levels ( 11.11%) ( 9045 points) Discoveries: 0 items ( 0.00%) ( 0 points) Valuables value: (no points given unless you survive) Artifact value: 0 ( 0 points) Variety of kills: 11 monsters ( 2.89%) ( 5097 points) Turncount: 1402 turns ( 0 points) Survival: died (score multiplied by 80%) Total score: 17361 Latest messages: A - a dagger (weapon in hand). You displace Armand. You are hit by a dagger. You displace Armand. You see here 2 candles. G - 2 candles. The dagger hits Armand. (2x) Armand bites the gnome. The gnome is killed! You displace Armand. There are a few objects here. A - a dagger (weapon in hand). (2x) You see here a dagger. A - a dagger (weapon in hand). You are beginning to feel hungry. You stop. Armand is in the way! You displace Armand. Armand bites the gnome lord. The gnome lord misses Armand. You displace Armand. Armand bites the gnome lord. The gnome lord misses Armand. The gnome lord hits! You die... Final status: Aloha Zazza the Tourist, killed by a gnome lord... You died in The Gnomish Mines on dungeon level 5 with 17361 points, and 786 pieces of gold, after 1402 moves. You were level 1 with a maximum of 13 hit points when you died.